 Dungeon Crawl Stone Soup version 0.8.0-a0-4388-g315efd1 character file.

1311779 Moose the Axe Maniac (level 27, 264/264 HPs)
             Began as a Hill Orc Berserker on Jan 8, 2011.
             Was an Elder of Trog.
             Escaped with the Orb
             ... and 3 runes (of 3 types) on Jan 9, 2011!
             The game lasted 05:44:32 (119962 turns).

Moose the Axe Maniac (Hill Orc Berserker)         Turns: 119962, Time: 05:44:32

HP 264/264       AC 34     Str 29 Exp: 27/1223995 (14047)
MP  20/20        EV 11     Int  6      God: Trog [****..]
Gold 7128        SH 22     Dex 13      Spells:  0 memorised, 28 levels left

Res.Fire  : + + .   See Invis. : .   k - +1,+13 broad axe of Righteous Anger {god g Res.Cold : + . . Warding : . i - +8 plate mail {rF+} Life Prot.: . . . Conserve : + a - -1 elf buckler {rPois} Res.Acid. : . . . Res.Corr. : . q - +2 helmet
Res.Poison: +       Clarity    : .   y - +2 cloak {MR}
Res.Elec. : .       Spirit.Shd : .   o - +0 pair of gloves {rC+}
Sust.Abil.: + .     Rnd.Telep. : +   V - -1 pair of boots {run}
Res.Mut.  : .       Ctrl.Telep.: .   w - amulet of conservation
Res.Rott. : .       Levitation : .   v - +0,+6 ring of slaying
Saprovore : + . .   Ctrl.Flight: .   J - ring of sustain abilities

@: quick, very resistant to hostile enchantments, extremely unstealthy
A: deformed body 1, deterioration 2, saprovore 1, teleportitis 1
a: Burn Spellbooks, Berserk, Trog's Hand, Brothers in Arms, Renounce Religion


You escaped.
You worshipped Trog.
Trog was extremely pleased with you.
You were not hungry.

You visited 10 branches of the dungeon, and saw 75 of its levels.
You visited the Abyss 1 time.
You visited 1 Labyrinth.
You visited 1 bazaar.
You visited 3 portal chambers: bailey, ice cave, wizlab.

You collected 10678 gold pieces.
You spent 3570 gold pieces at shops.

Inventory:

Hand weapons
 k - the +1,+13 broad axe of Righteous Anger (weapon) {god gift, freeze, rF+}
   (Trog gifted it to you on level 13 of the Dungeon)

   It has been specially enchanted to freeze those struck by it, causing extra
   injury to most foes and up to double damage against particularly susceptible
   opponents.
   It can also slow down cold-blooded creatures.
   It protects you from fire.
 t - a +2,+7 dwarven hand axe of returning (quivered) {god gift}
Missiles
 E - 7 steel +0 javelins
Armour
 a - a -1 elven buckler of poison resistance (worn)
 i - a +8 plate mail of fire resistance (worn)
 o - a +0 pair of gloves of cold resistance (worn)
 q - a +2 helmet (worn)
 y - a +2 cloak of magic resistance (worn)
 V - a -1 pair of boots of running (worn)
Magical devices
 j - a wand of healing (8)
 S - a wand of teleportation (4)
Comestibles
 u - 6 meat rations
 L - a bread ration
Scrolls
 f - 8 scrolls of teleportation
 m - 3 scrolls of recharging
 s - a scroll of fog
 A - a scroll of enchant armour
 K - 7 scrolls of identify
Jewellery
 v - a +0,+6 ring of slaying (right hand)
 w - an amulet of conservation (around neck)
 C - an uncursed amulet of resist corrosion
 G - an uncursed amulet of resist mutation
 J - a ring of sustain abilities (left hand)
 M - an uncursed ring of levitation
Potions
 b - 4 potions of resistance
 e - 11 potions of healing
 l - 9 potions of might
 N - 4 potions of restore abilities
 P - 2 potions of speed
 R - 2 potions of berserk rage
Orbs of Power
 x - the Orb of Zot
Miscellaneous
 z - a serpentine rune of Zot
 F - a silver rune of Zot
 T - a barnacled rune of Zot You had 14047 experience left.


   Skills:
 + Level 23 Fighting
 * Level 27 Axes
 + Level 3 Maces & Flails
 - Level 3 Throwing
 + Level 22 Armour
 + Level 13 Dodging
 + Level 4 Stealth
 + Level 1 Stabbing
 + Level 19 Shields
 + Level 6 Traps & Doors
 + Level 1 Spellcasting
 + Level 4 Evocations


You had 28 spell levels left.
You didn't know any spells.

Dungeon Overview and Level Annotations

Branches:
Dungeon (27/27)            Temple (0/1) D:6             Orc (4/4) D:9
    Elf (7/7) Orc:3          Lair (8/8) D:12         Shoals (5/5) Lair:6
  Slime (0/6) Lair:8        Snake (5/5) Lair:6         Hive (0/2) D:12
  Vault (8/8) D:15          Blade (1/1) Vault:4       Crypt (5/5) Vault:4
   Tomb (0/3) Crypt:2         Zot (5/5) D:27

Altars:
Ashenzari
Cheibriados
Elyvilon
Fedhas
Kikubaaqudgha
Nemelex Xobeh
Sif Muna
Trog
Yredelemnul
Zin
Lugonu

Shops:
D:7: [ D:8: +%%([ D:17: ![(% Orc:1: [ Orc:4: ! Elf:1: ? Elf:3: * Elf:7: ! Shoals:4: / Snake:3: / Snake:5: / Vault:2: = Vault:4: ! Vault:8: (

Portals:
Hell: D:21 D:22 D:23 D:24 D:25 D:26 D:27
Abyss: D:22 D:23 D:24 D:25
Trove: D:16 (+2 robe of resistance)
Ziggurat: D:21 (4380 gp)

Annotations
D:7 exclusion: flame cloud
D:8 exclusion: foul pestilence cloud
D:12 exclusion: oklob plant
Zot:1 1 exclusion


Innate Abilities, Weirdness & Mutations

You can tolerate rotten meat.
Armour fits poorly on your unusually shaped body.
Your body is deteriorating.
Space occasionally distorts in your vicinity.


Message History

You slash the rotting devil! You freeze the rotting devil.
The rotting devil is moderately wounded.
You slice the rotting devil!!
You kill the rotting devil!
Trog accepts your kill.
Are you sure you want to leave the Dungeon?
You have escaped!

###.##.# #...................
#.##.# #.##################
#.##.# #.#
####.##.#####.##################
................................
####.##.#####.##################
#.##.# #.#
####.##.#####.##################
...............@................
####....#####.##################
####....#####.##################
.....>................).........
#############.........##########
#.........# ###########


There were no monsters in sight!

Vanquished Creatures
  An orb of fire (Zot:5)
  Saint Roka (Snake:4)
  5 ancient liches
  Margery (Snake:4)
  A Killer Klown (Zot:5)
  Frederick (D:20)
  2 electric golems (Zot:5)
  7 liches
  3 golden dragons
  Nikola (D:15)
  22 Orb Guardians (Zot:5)
  2 deep elf blademasters (Elf:7)
  6 shadow dragons
  A demon lord (D:21)
  8 storm dragons
  Rupert (Vault:2)
  Agnes (Snake:2)
  4 sphinxes
  Frances (Snake:4)
  An Ice Fiend (D:27)
  Aizul (D:20)
  A draconian monk (Zot:2)
  Donald (Elf:5)
  6 frost giants
  3 bone dragons
  An iron dragon (Vault:8)
  3 draconian zealots
  4 draconian knights
  Louise (Elf:3)
  38 stone giants
  Maud (D:15)
  An Executioner (D:11)
  3 draconian shifters
  3 draconian scorchers (Zot:2)
  12 tentacled monstrosities
  4 draconian annihilators
  5 fire giants
  A quicksilver dragon skeleton (Crypt:5)
  2 green draconians (Zot:2)
  9 deep elf annihilators
  2 draconian callers
  16 greater nagas (Snake:5)
  6 red draconians
  3 dire elephants (Lair:8)
  3 grey draconians
  5 black draconians
  5 deep elf death magi (Elf:7)
  3 mottled draconians
  7 yellow draconians
  Azrael (Elf:3)
  4 vampire knights
  5 white draconians
  3 purple draconians
  8 pale draconians
  2 titan zombies
  42 yaktaur captains
  2 deep elf master archers (Elf:7)
  2 deep elf sorcerers
  Snorg (Elf:3)
  7 ettins
  A minotaur (Lab)
  24 vault guards
  7 dragons
  7 death cobs
  3 sirens
  2 Cacodemons
  8 ice dragons
  A minotaur (shapeshifter) (Vault:2)
  Josephine (D:12)
  5 hydras
  10 ogre magi
  Erica (D:14)
  Harold (Lair:2)
  4 merfolk aquamancers
  2 merfolk javelineers (Shoals:5)
  3 great orbs of eyes
  6 anacondas
  Polyphemus (Shoals:4)
  A golden dragon zombie (Crypt:1)
  2 anaconda skeletons
  Nessos (D:14)
  5 deep elf demonologists
  48 dancing weapons
  A frost giant zombie (Vault:7)
  10 death yaks
  A golden dragon skeleton (D:23)
  23 deep trolls
  8 merfolk impalers
  6 stone giant skeletons
  A shadow dragon skeleton (Crypt:5)
  A draconian zombie (Zot:1)
  A fire giant zombie (Vault:6)
  Nergalle (Elf:5)
  A deep elf high priest (Elf:7)
  3 ghost moths
  2 stone giant zombies
  21 centaur warriors
  4 iron golems (Crypt:5)
  3 fire giant skeletons
  A shadow wraith (Zot:5)
  3 sphinx skeletons
  7 very ugly things
  23 deep elf knights
  A frost giant skeleton (D:22)
  2 unseen horrors
  54 skeletal warriors
  4 iron trolls
  An alligator snapping turtle zombie (Crypt:1)
  16 hell knights
  A giant orange brain (D:22)
  A sea snake (shapeshifter) (D:25)
  5 griffons
  4 humans
  2 storm dragon skeletons
  Erolcha (D:8)
  A death yak zombie (Crypt:3)
  A white draconian zombie (Crypt:4)
  12 sea snakes
  A giant orange brain (shapeshifter) (Vault:8)
  19 naga warriors
  5 flayed ghosts
  An ice devil (Vault:8)
  2 yellow draconian zombies
  5 giant amoebae
  An ice statue (Port)
  2 iron troll zombies
  2 wizards
  A sea snake zombie (Crypt:5)
  23 orc knights
  A white draconian skeleton (Crypt:5)
  A lindwurm (Lair:8)
  Pikel (D:8)
  A vampire mage (D:16)
  A death yak skeleton (Crypt:2)
  17 harpies
  2 black draconian skeletons
  16 hill giants
  A hellion (D:18)
  A red draconian skeleton (Abyss)
  Joseph (D:7)
  6 orc sorcerers
  3 crystal golems (Crypt:5)
  Urug (D:11)
  A harpy zombie (D:15)
  2 iron troll skeletons
  A cyclops (shapeshifter) (Vault:4)
  14 guardian serpents
  A human (shapeshifter) (Vault:6)
  12 necromancers
  2 red wasps
  A death drake skeleton (Crypt:5)
  A red wasp (shapeshifter) (Vault:1)
  3 large large abominations
  A draconian (shapeshifter) (Elf:3)
  3 harpy skeletons
  2 shop mimics
  2 spiny worms
  3 wolf spiders
  A fountain mimic (D:17)
  A griffon zombie (Crypt:3)
  An ice dragon zombie (Vault:7)
  16 moths of wrath
  4 portal mimics
  2 stair mimics
  A wolf spider zombie (Crypt:4)
  An alligator zombie (Crypt:3)
  2 elves (Elf:5)
  A hydra skeleton (Vault:5)
  4 phantasmal warriors
  A siren skeleton (Crypt:4)
  A stone golem (Vault:4)
  A trap mimic (D:14)
  2 wolf spiders (shapeshifter)
  27 black mambas
  71 yaktaurs
  An elephant slug (Lair:6)
  2 tormentors
  A slime creature (shapeshifter) (Vault:8)
  14 cyclopes
  An eye of devastation (Vault:1)
  2 reapers
  2 giant toad zombies
  An ettin skeleton (Crypt:1)
  A spiny worm zombie (D:22)
  2 trapdoor spiders
  A griffon skeleton (D:15)
  A dragon skeleton (D:21)
  60 slime creatures
  9 orange demons
  An alligator skeleton (Crypt:1)
  46 elephants
  13 mimics
  7 rock trolls
  A rock troll (shapeshifter) (Vault:8)
  7 hellwings
  A queen ant (D:13)
  2 hill giant zombies
  Psyche (Elf:1)
  7 spiny frogs
  2 giant toad skeletons
  13 mermaids
  10 naga magi
  3 guardian mummies
  2 hill giant skeletons
  2 komodo dragons
  4 silent spectres
  3 spriggans (shapeshifter)
  2 redbacks
  85 ugly things
  11 trolls
  Sonja (Orc:4)
  A troll (shapeshifter) (D:16)
  A spriggan skeleton (Crypt:2)
  2 manticores (shapeshifter)
  11 smoke demons
  2 queen bees (shapeshifter)
  3 polar bears (D:17)
  A two-headed ogre (shapeshifter) (D:22)
  30 two-headed ogres
  12 snapping turtles
  A brown ooze (shapeshifter) (Vault:7)
  A baby alligator zombie (Crypt:4)
  A snapping turtle zombie (Crypt:4)
  14 blink frogs
  A raven skeleton (Crypt:3)
  3 rock troll skeletons
  A rotting hulk (Crypt:4)
  5 elves (shapeshifter)
  A sixfirhy (Vault:8)
  9 bumblebees
  A lindwurm zombie (Crypt:4)
  A dragon simulacrum (Zot:5)
  12 vampires
  32 air elementals (Port)
  3 grizzly bears
  A merfolk zombie (Crypt:3)
  16 deep elf conjurers
  4 sharks
  Edmund (D:8)
  3 wraiths
  A blue devil (D:19)
  2 wyverns
  12 giant toads
  A lindwurm skeleton (Crypt:3)
  2 merfolk (shapeshifter)
  77 yaks
  13 deep elf summoners
  A fire drake (Lair:5)
  5 hippogriffs
  5 vipers
  7 ynoxinuls
  Grum (D:12)
  A wood golem (D:16)
  A fire elemental (Elf:3)
  A hungry ghost (D:14)
  A spiny worm simulacrum (Vault:3)
  33 deep elf fighters
  28 merfolk
  A giant blowfly (shapeshifter) (D:20)
  2 yaktaur zombies
  9 soldier ants
  A fire drake skeleton (Crypt:2)
  3 rock worms
  4 giant blowflies
  15 manticores
  3 water elementals (Shoals:5)
  15 ghouls
  17 necrophages
  7 neqoxecs
  14 hell hounds
  3 war dogs (D:12)
  4 mottled dragons
  A manticore zombie (D:12)
  20 freezing wraiths
  13 ice beasts
  2 red devils
  A yaktaur skeleton (D:18)
  3 cyclops skeletons
  2 cyclops zombies
  A sky beast (D:18)
  2 wyvern skeletons
  53 orc warriors
  A yellow wasp (D:18)
  9 deep elf priests
  16 insubstantial wisps
  2 boulder beetles (shapeshifter)
  A queen bee zombie (Crypt:3)
  4 giant goldfish
  A deep dwarf (shapeshifter) (Vault:8)
  Menkaure (D:7)
  A bumblebee zombie (D:22)
  8 gila monsters
  5 phantoms
  A troll skeleton (Vault:1)
  3 yak skeletons
  21 crocodiles
  A laboratory rat skeleton (Crypt:4)
  4 lava worms (D:24)
  48 ogres
  7 boring beetles
  3 rotting devils
  27 water moccasins
  A polar bear skeleton (Crypt:4)
  3 small abominations
  Sigmund (D:3)
  A boring beetle zombie (D:18)
  8 laboratory rats (D:20)
  A boulder beetle zombie (D:24)
  A brain worm (Vault:1)
  83 nagas
  8 wargs
  24 centaurs
  A big kobold (shapeshifter) (Vault:8)
  A big kobold (D:18)
  14 giant slugs
  A centaur zombie (Crypt:5)
  30 deep elf magi
  A giant slug (shapeshifter) (D:23)
  A wolf (D:17)
  A two-headed ogre zombie (Vault:1)
  19 giant frogs
  12 agate snails
  9 elf zombies
  A water moccasin skeleton (D:7)
  2 boulder beetles
  An eye of draining (D:17)
  A polar bear simulacrum (Port)
  2 yak simulacra (Port)
  A warg skeleton (Crypt:3)
  7 jellyfish
  3 lava fish (D:24)
  A giant leech zombie (Crypt:5)
  3 wights (Crypt:1)
  29 killer bees
  2 killer bee zombies
  A troll simulacrum (Port)
  A wolf simulacrum (Port)
  A dwarf zombie (Crypt:2)
  6 lava snakes (D:24)
  3 mottled dragon zombies
  A centaur simulacrum (Port)
  A dwarf skeleton (Crypt:4)
  10 hounds
  A kenku zombie (Crypt:2)
  A pulsating lump (shapeshifter) (D:23)
  A big kobold zombie (D:12)
  An ogre zombie (Crypt:1)
  10 electric eels
  2 boulder beetle simulacra (Vault:5)
  11 imps
  15 iguanas
  4 giant beetles
  7 shadows
  5 big kobold skeletons
  A gila monster skeleton (Crypt:4)
  An ogre skeleton (Crypt:4)
  24 orc priests
  6 elf simulacra (Port)
  3 big fish
  A naga zombie (Crypt:2)
  3 scorpions
  A hound skeleton (D:6)
  An iron imp (Abyss)
  An ogre simulacrum (Port)
  45 deep elf soldiers
  17 orange rats
  29 orc wizards
  29 giant ants
  4 porcupines
  A giant ant zombie (D:18)
  18 human zombies
  8 sheep
  A worm zombie (Crypt:3)
  A naga simulacrum (Port)
  2 jellies
  2 mummies
  3 draconian simulacra (Port)
  41 flying skulls
  15 gnolls
  A green rat (shapeshifter) (Vault:8)
  82 green rats
  9 midges
  8 orc zombies
  5 lemures
  7 giant centipedes
  3 giant centipede zombies
  4 shadow imps
  55 snakes
  A giant mite (D:20)
  A halfling skeleton (Crypt:1)
  An iguana skeleton (D:12)
  A sheep skeleton (Crypt:5)
  2 snake skeletons
  20 white imps
  5 giant mosquitos (D:15)
  6 worms
  27 ufetubi
  Terence (D:3)
  16 grey rats
  A giant bat skeleton (D:4)
  2 giant eyeballs
  A gnoll zombie (D:7)
  A giant gecko (shapeshifter) (Vault:8)
  13 giant geckos
  A human skeleton (Crypt:4)
  An ooze (D:4)
  8 giant cockroaches
  24 goblins
  25 hobgoblins
  28 jackals
  40 kobolds
  272 orcs
  78 giant bats
  A giant gecko skeleton (D:24)
  A giant gecko zombie (D:6)
  10 giant newts
  A giant newt skeleton (D:22)
  A giant spore (D:8)
  2 hobgoblin skeletons
  A hobgoblin zombie (Crypt:4)
  6 human simulacra (Port)
  A kobold zombie (D:5)
  An orc simulacrum (Port)
  An orc skeleton (D:27)
  10 quokkas
  41 rats
  A rat skeleton (D:5)
  7 small snakes
  9 ballistomycetes
  A butterfly (Shoals:2)
  19 plants
  18 toadstools
3513 creatures vanquished.

Vanquished Creatures (collateral kills)
  Mara (Snake:5)
  An illusory Mara (Snake:5)
  Xtahua (Shoals:4)
  A lich (Crypt:5)
  Ilsuiw (Shoals:5)
  A draconian knight (Zot:2)
  A frost giant (Vault:5)
  A draconian scorcher (Zot:3)
  Wiglaf (Shoals:3)
  An Executioner (Vault:5)
  A draconian annihilator (Zot:3)
  2 stone giants (Vault:5)
  2 deep elf annihilators
  A black draconian (Zot:3)
  A mottled draconian (Zot:3)
  A white draconian (Zot:3)
  A greater naga (Snake:5)
  2 red draconians
  A purple draconian (Zot:3)
  A titan zombie (Crypt:5)
  A yaktaur captain (Vault:5)
  2 sirens (Shoals:5)
  2 hydras
  2 merfolk javelineers (Shoals:5)
  An alligator snapping turtle (Shoals:5)
  2 merfolk impalers (Shoals:5)
  A draconian zombie (Zot:2)
  A ghost moth (Zot:3)
  A deep elf knight (Elf:4)
  2 sea snakes (Shoals:5)
  A flayed ghost (Crypt:5)
  An orc knight (D:26)
  2 giant amoebae (Lair:8)
  A pale draconian zombie (Zot:2)
  A harpy (Shoals:3)
  A guardian serpent (Snake:5)
  A moth of wrath (Zot:2)
  A black mamba (Lair:4)
  A phantasmal warrior (Vault:5)
  A cyclops (D:20)
  A rock troll (D:20)
  4 slime creatures
  An ugly thing (D:20)
  A naga mage (Snake:5)
  A brown ooze (Lair:8)
  3 merfolk
  2 hippogriffs
  A deep elf summoner (Elf:4)
  2 water elementals (Shoals:5)
  A manticore (Shoals:5)
  4 orc warriors
  4 centaurs (Lair:6)
  5 nagas (Snake:5)
  A deep elf mage (Elf:7)
  3 electric eels (Lair:4)
  A big fish (Lair:4)
  2 orc priests (D:26)
  An iguana (Lair:6)
  An orc wizard (D:26)
  A shadow (Crypt:5)
  A snake (Lair:4)
  4 ufetubi (Elf:4)
  A giant eyeball (D:26)
  A giant gecko (Lair:3)
  2 orcs (D:20)
98 creatures vanquished.

Vanquished Creatures (others)
  A fire giant (D:23)
  A stone giant (Snake:5)
  A deep troll (Snake:5)
  A deep elf knight (Elf:2)
  A purple draconian zombie (Zot:2)
  3 trolls
  A guardian serpent (Snake:5)
  10 slime creatures
  2 rock trolls
  2 ugly things (Vault:8)
  A giant blowfly (D:18)
  A deep elf priest (Elf:1)
  An orc warrior (Vault:1)
  4 laboratory rats (D:20)
  2 ogres
  2 deep elf magi
  3 water moccasins (Snake:5)
  2 giant frogs
  A small abomination (Vault:2)
  A human (D:8)
  A scorpion (Zot:5)
  4 deep elf soldiers
  2 green rats
  A grey rat (Elf:1)
  6 orcs
  A giant bat (Crypt:4)
  2 giant spores
  A killer bee larva (D:12)
  A kobold (D:5)
  2 rats
  7 fungi
  2 plants
  57 toadstools
128 creatures vanquished.

Grand Total: 3739 creatures vanquished

Notes
Turn   | Place    | Note
--------------------------------------------------------------
     0 | D:1      | Moose, the Hill Orc Berserker, began the quest for the Orb.
     0 | D:1      | Reached XP level 1. HP: 16/16 MP: 0/0
    80 | D:1      | Reached skill level 4 in Axes
   226 | D:1      | Reached XP level 2. HP: 18/23 MP: 1/1
   554 | D:1      | Acquired Trog's second power
   706 | D:1      | Reached XP level 3. HP: 29/29 MP: 1/1
  1348 | D:2      | Reached XP level 4. HP: 22/36 MP: 2/2
  1663 | D:2      | Reached XP level 5. HP: 33/44 MP: 3/3
  1730 | D:2      | Reached skill level 5 in Axes
  2584 | D:3      | Noticed Terence
  2593 | D:3      | Defeated Terence
  3831 | D:3      | Noticed Sigmund
  3840 | D:3      | Defeated Sigmund
  3840 | D:3      | Reached XP level 6. HP: 50/50 MP: 3/3
  4015 | D:4      | Found a snail-covered altar of Cheibriados.
  4030 | D:4      | Reached skill level 6 in Axes
  4231 | D:4      | Acquired Trog's third power
  4932 | D:4      | Reached skill level 7 in Axes
  4932 | D:4      | Reached XP level 7. HP: 34/57 MP: 4/4
  5544 | D:5      | Entered Level 5 of the Dungeon
  5589 | D:5      | Found a sparkling altar of Nemelex Xobeh.
  5795 | D:5      | Found a basalt altar of Yredelemnul.
  6537 | D:6      | Reached skill level 8 in Axes
  6542 | D:6      | Reached XP level 8. HP: 64/64 MP: 5/5
  6673 | D:6      | Reached skill level 5 in Fighting
  6797 | D:6      | Reached skill level 1 in Stealth
  6847 | D:6      | Found a snail-covered altar of Cheibriados.
  6858 | D:6      | Found a staircase to the Ecumenical Temple.
  7297 | D:7      | Reached skill level 9 in Axes
  7298 | D:7      | Reached skill level 5 in Armour
  7348 | D:7      | Noticed Menkaure
  7361 | D:7      | Defeated Menkaure
  7726 | D:7      | Reached XP level 9. HP: 49/73 MP: 5/5
  7854 | D:7      | Noticed Joseph
  7879 | D:7      | Defeated Joseph
  8097 | D:7      | Found Braufes' Antique Armour Shoppe.
  8110 | D:7      | Bought a runed cloak for 28 gold pieces
  8110 | D:7      | Bought a pair of gloves for 33 gold pieces
  8125 | D:7      | Reached skill level 10 in Axes
  8700 | D:8      | Found a deep blue altar of Sif Muna.
  8862 | D:8      | Noticed Erolcha
  8865 | D:8      | Reached skill level 11 in Axes
  8870 | D:8      | Defeated Erolcha
  8870 | D:8      | Reached XP level 10. HP: 74/82 MP: 6/6
  9083 | D:8      | Noticed Edmund
  9096 | D:8      | Defeated Edmund
  9221 | D:8      | Noticed Pikel
  9233 | D:8      | Defeated Pikel
  9235 | D:8      | Received a gift from Trog
  9236 | D:8      | Got an iridescent halberd {god gift}
  9252 | D:8      | Identified the halberd of Boven {god gift, venom, MR} (Trog gifted it to you on level 8 of the Dungeon)
  9257 | D:8      | Found Streel's Antique Weapon Shoppe.
  9301 | D:8      | Found Zerig's Food Shoppe.
  9369 | D:8      | Reached skill level 12 in Axes
  9700 | D:8      | Found Vamaegg's Book Boutique.
  9832 | D:8      | Found Pruetau's Food Boutique.
  9838 | D:8      | Bought a meat ration for 48 gold pieces
  9838 | D:8      | Bought a meat ration for 48 gold pieces
  9838 | D:8      | Bought a meat ration for 48 gold pieces
 10173 | D:8      | Found Sud Miff's Armour Boutique.
 10177 | D:8      | Bought a +0 pair of boots for 22 gold pieces
 10177 | D:8      | Bought a +0 helmet for 33 gold pieces
 10188 | D:8      | Found a shattered altar of Ashenzari.
 10197 | D:8      | Found an ancient bone altar of Kikubaaqudgha.
 10578 | D:9      | Found a staircase to the Orcish Mines.
 10657 | D:9      | Reached skill level 13 in Axes
 11322 | Orc:1    | Entered Level 1 of the Orcish Mines
 11387 | D:9      | Reached XP level 11. HP: 57/91 MP: 7/7
 11401 | D:9      | Received a gift from Trog
 11405 | D:9      | Got an ichor-stained broad axe {god gift}
 11406 | D:9      | Identified the broad axe "Psy Fiu" {god gift, elec, rC+} (Trog gifted it to you on level 9 of the Dungeon)
 12148 | Orc:1    | Found Biulol's Antique Armour Emporium.
 12485 | D:7      | Bought a bloodstained splint mail for 532 gold pieces
 12506 | D:7      | Identified the +1 splint mail "Phau" (You bought it in a shop on level 7 of the Dungeon)
 13093 | Orc:3    | Found a bloodstained altar of Trog.
 13167 | Orc:3    | Received a gift from Trog
 13364 | Orc:3    | You fall through a shaft!
 13364 | Orc:4    | Entered Level 4 of the Orcish Mines
 13451 | Orc:4    | Found Karera's Distillery.
 13711 | Orc:4    | Bought a potion of poison for 1 gold piece
 13729 | Orc:4    | Noticed Sonja
 13738 | Orc:4    | Defeated Sonja
 13761 | Orc:4    | Received a gift from Trog
 13762 | Orc:4    | Got a smoking hand axe {god gift}
 13763 | Orc:4    | Identified the hand axe "Ydududi" {god gift, freeze, +Rage Str-2 Int+4} (Trog gifted it to you on level 4 of the Orcish Mines)
 13789 | Orc:4    | Reached skill level 14 in Axes
 14107 | Orc:3    | Found a staircase to the Elven Halls.
 14694 | Orc:3    | Received a gift from Trog
 14825 | Orc:1    | Bought a glowing plate mail for 828 gold pieces
 14905 | D:10     | Entered Level 10 of the Dungeon
 15216 | D:10     | Found a labyrinth entrance.
 15227 | Lab      | Entered a Labyrinth
 15897 | Lab      | Reached XP level 12. HP: 101/101 MP: 7/7
 15911 | Lab      | Identified a scroll of acquirement
 16511 | D:11     | Reached skill level 15 in Axes
 16652 | D:11     | Received a gift from Trog
 16653 | D:11     | Got a dazzling executioner's axe {god gift}
 16653 | D:11     | Got a smoking banded mail
 16737 | D:11     | Identified the cursed +2 banded mail "Mibe" (You found it on level 11 of the Dungeon)
 16767 | D:11     | Identified the executioner's axe "Killer Klown's Doom" {god gift, antimagic, rF+ rC+ Stlth++} (Trog gifted it to you on level 11 of the Dungeon)
 16815 | D:11     | Noticed Urug
 16823 | D:11     | Defeated Urug
 17196 | D:12     | Noticed Josephine
 17205 | D:12     | Defeated Josephine
 17617 | D:12     | Noticed Grum
 17635 | D:12     | Defeated Grum
 17641 | D:12     | Reached skill level 10 in Armour
 17708 | D:12     | Reached skill level 1 in Throwing
 17716 | D:12     | Reached skill level 10 in Fighting
 17912 | D:12     | Found a staircase to the Lair.
 17998 | D:12     | Reached skill level 1 in Traps & Doors
 18086 | Lair:1   | Entered Level 1 of the Lair of Beasts
 18156 | Lair:1   | Received a gift from Trog
 18157 | Lair:1   | Got a crude broad axe {god gift}
 18158 | Lair:1   | Identified the broad axe of Weuclikh {god gift, slay orc, rN+} (Trog gifted it to you on level 1 of the Lair of Beasts)
 18168 | Lair:1   | Reached XP level 13. HP: 83/112 MP: 8/8
 18798 | Lair:2   | Noticed Harold
 18824 | Lair:2   | Reached skill level 16 in Axes
 18827 | Lair:2   | Defeated Harold
 18998 | Lair:2   | Reached skill level 1 in Evocations
 19044 | Lair:2   | Got an ichor-stained scale mail
 19151 | Lair:2   | Identified the cursed -3 scale mail of Uczov (You found it on level 2 of the Lair of Beasts)
 19285 | Lair:2   | Received a gift from Trog
 20840 | Lair:4   | Received a gift from Trog
 21397 | Lair:5   | Reached XP level 14. HP: 118/121 MP: 9/9
 21494 | Lair:5   | Reached skill level 17 in Axes
 21519 | Lair:5   | Received a gift from Trog
 22096 | Lair:6   | Found a staircase to the Snake Pit.
 22160 | Lair:6   | Got a pitted large shield
 22211 | Lair:6   | Found a staircase to the Shoals.
 22282 | Lair:6   | Identified the cursed -6 large shield of Jigsaw (You found it on level 6 of the Lair of Beasts)
 22401 | Lair:6   | Gained mutation: Your muscles are strong (Str +1).
 22745 | Lair:7   | Received a gift from Trog
 23606 | Lair:8   | Entered Level 8 of the Lair of Beasts
 23775 | Lair:8   | Reached skill level 18 in Axes
 24231 | Lair:8   | Received a gift from Trog
 24235 | Lair:8   | Got a shimmering sling {god gift}
 24626 | Lair:8   | Reached XP level 15. HP: 116/131 MP: 9/9
 24664 | Lair:8   | Found a staircase to the Slime Pits.
 26106 | D:13     | Received a gift from Trog
 26110 | D:13     | Got a brightly glowing broad axe {god gift}
 26111 | D:13     | Identified the broad axe of Righteous Anger {god gift, freeze, rF+} (Trog gifted it to you on level 13 of the Dungeon)
 26693 | D:12     | Found a staircase to the Hive.
 27128 | D:14     | Reached skill level 19 in Axes
 27211 | D:14     | Received a gift from Trog
 27702 | D:14     | Noticed Nessos
 27712 | D:14     | Defeated Nessos
 28376 | D:14     | Noticed Erica
 28387 | D:14     | Defeated Erica
 28536 | D:15     | Entered Level 15 of the Dungeon
 28545 | D:15     | Reached XP level 16. HP: 105/141 MP: 10/10
 28610 | D:15     | Noticed Maud
 28619 | D:15     | Defeated Maud
 28805 | D:15     | A soldier ant changed into a bumblebee
 28807 | D:15     | A bumblebee changed into a spriggan
 28933 | D:15     | Noticed Nikola
 28942 | D:15     | Defeated Nikola
 28979 | D:15     | Received a gift from Trog
 29385 | D:15     | Found a staircase to the Vaults.
 29745 | D:16     | Found a flagged portal. 29764
                  | bailey
                  | Entered the bailey
 30339 | D:16     | Received a gift from Trog
 30340 | D:16     | Got a jewelled halberd {god gift}
 30368 | D:16     | Reached skill level 20 in Axes
 30673 | D:16     | Found a basalt altar of Yredelemnul.
 31034 | D:16     | Got a pitted banded mail
 31062 | D:16     | Identified the +1 banded mail of Jigsaw (You found it on level 16 of the Dungeon)
 31364 | D:16     | Found a portal to a secret trove of treasure.
 31696 | D:17     | Found Pnet's Distillery.
 31743 | D:17     | Bought a potion of heal wounds for 60 gold pieces
 31743 | D:17     | Bought a potion of heal wounds for 60 gold pieces
 31743 | D:17     | Bought a potion of healing for 40 gold pieces
 31808 | D:17     | Found a frozen archway.
 31851 | D:17     | Received a gift from Trog
 31862 | D:17     | Got a steaming battleaxe {god gift}
 31863 | D:17     | Identified the battleaxe of Veluar {god gift, chop, Hunger +Rage SInv Stlth++} (Trog gifted it to you on level 17 of the Dungeon)
 31877 | IceCv    | Entered an ice cave
 32521 | IceCv    | Found an ancient bone altar of Kikubaaqudgha.
 32905 | D:17     | Found Xarex's Antique Weapon Emporium.
 32976 | D:17     | Found Mizaq's Food Emporium.
 33103 | D:17     | Found Prieguh's Armour Emporium.
 33157 | D:18     | Reached skill level 21 in Axes
 33386 | D:18     | Received a gift from Trog
 33395 | D:18     | Got a bloodstained short sword {god gift}
 33602 | D:18     | Reached XP level 17. HP: 139/150 MP: 11/11
 35381 | D:19     | A slime creature changed into a glowing shapeshifter
 35383 | D:19     | A glowing shapeshifter changed into a boulder beetle
 35442 | D:20     | Entered Level 20 of the Dungeon
 35442 | D:20     | Noticed Frederick
 35456 | D:20     | Defeated Frederick
 35672 | D:20     | Gained mutation: You heal slowly.
 35697 | D:20     | Received a gift from Trog
 35757 | D:20     | Reached skill level 22 in Axes
 36346 | Snake:1  | Entered Level 1 of the Snake Pit
 36992 | Snake:1  | Received a gift from Trog
 37002 | Snake:1  | Reached XP level 18. HP: 158/158 MP: 11/11
 37534 | Snake:2  | Noticed Agnes
 37540 | Snake:2  | Defeated Agnes
 37814 | Snake:2  | Reached skill level 1 in Shields
 37854 | Snake:2  | Received a gift from Trog
 39475 | Snake:3  | Received a gift from Trog
 39748 | Snake:3  | Found Yhemmin's Magical Wand Boutique.
 40494 | Snake:4  | Noticed Margery
 40511 | Snake:4  | Defeated Margery
 40894 | Snake:4  | Noticed Frances
 40907 | Snake:4  | Reached skill level 23 in Axes
 40907 | Snake:4  | Defeated Frances
 41085 | Snake:4  | Noticed Saint Roka
 41098 | Snake:4  | Defeated Saint Roka
 41135 | Snake:4  | Found a blossoming altar of Fedhas.
 41700 | Snake:4  | Reached XP level 19. HP: 156/165 MP: 12/12
 41793 | Snake:5  | Entered Level 5 of the Snake Pit
 41835 | Snake:5  | Received a gift from Trog
 42067 | Snake:5  | Found Cinuiroi's Magical Wand Boutique.
 42079 | Snake:5  | Noticed Mara
 42086 | Snake:5  | Defeated Mara
 42781 | Snake:5  | Reached skill level 24 in Axes
 43187 | Snake:5  | Received a gift from Trog
 43188 | Snake:5  | Got a jewelled hand axe {god gift}
 43189 | Snake:5  | Identified the hand axe "Klywiem" {god gift, holy, MUT Str+2 Dex+4 Stlth++} (Trog gifted it to you on level 5 of the Snake Pit)
 44271 | Snake:5  | Reached XP level 20. HP: 87/173 MP: 13/13
 45054 | Snake:5  | Got a serpentine rune of Zot
 45129 | Snake:5  | Reached skill level 15 in Fighting
 45724 | Shoals:1 | Entered Level 1 of the Shoals
 45812 | Shoals:1 | Received a gift from Trog
 46670 | Shoals:2 | Reached skill level 25 in Axes
 47258 | Shoals:3 | Noticed Wiglaf
 47265 | Shoals:3 | Defeated Wiglaf
 47557 | Shoals:3 | Reached skill level 5 in Shields
 48072 | Shoals:4 | Found Ynyiny's Magical Wand Shoppe.
 48072 | Shoals:4 | Noticed Polyphemus
 48084 | Shoals:4 | Defeated Polyphemus
 48086 | Shoals:4 | Received a gift from Trog
 48091 | Shoals:4 | Noticed Xtahua
 48099 | Shoals:4 | Defeated Xtahua
 48133 | Shoals:4 | Bought a wand of teleportation (4) for 563 gold pieces
 48321 | Shoals:4 | Reached skill level 15 in Armour
 48708 | Shoals:5 | Entered Level 5 of the Shoals
 49773 | Shoals:5 | Got a barnacled rune of Zot
 50127 | Shoals:5 | Reached XP level 21. HP: 171/185 MP: 13/13
 50251 | Shoals:5 | Received a gift from Trog
 50501 | Shoals:5 | Noticed Ilsuiw
 50563 | Shoals:5 | Defeated Ilsuiw
 50843 | Shoals:5 | Reached skill level 1 in Spellcasting
 51582 | Vault:1  | Entered Level 1 of the Vaults
 51832 | Vault:1  | Reached skill level 26 in Axes
 51851 | Vault:1  | Received a gift from Trog
 52172 | Vault:1  | You fall through a shaft!
 52431 | Vault:2  | Found Suttoqal's Jewellery Emporium.
 52492 | Vault:2  | Noticed Rupert
 52503 | Vault:2  | Defeated Rupert
 52728 | Vault:2  | Gained mutation: You can spit poison.
 52728 | Vault:2  | Gained mutation: Your magical capacity is low (-10% MP).
 52728 | Vault:2  | Lost mutation: You can spit poison.
 52903 | Vault:2  | Found a magical portal.
 52910 | WizLab   | Entered The Chambers of Plog the Cloud Mage
 53970 | WizLab   | Got a flimsy blue robe
 53985 | WizLab   | Identified the +3 robe of Clouds (You took it off a wizard in The Chambers of Plog the Cloud Mage)
 54635 | Lair:1   | Lost mutation: Your magical capacity is low (-10% MP).
 54635 | Lair:1   | Lost mutation: Your muscles are strong (Str +1).
 54635 | Lair:1   | Lost mutation: You heal slowly.
 55493 | Vault:3  | Reached skill level 5 in Dodging
 55982 | Vault:4  | Found a staircase to the Hall of Blades.
 55994 | Vault:4  | Found a staircase to the Crypt.
 56040 | Vault:4  | Found Diggin's Distillery.
 56049 | Vault:4  | Bought a potion of heal wounds for 45 gold pieces
 56049 | Vault:4  | Bought a potion of healing for 30 gold pieces
 56049 | Vault:4  | Bought a potion of healing for 30 gold pieces
 56049 | Vault:4  | Bought a potion of heal wounds for 45 gold pieces
 56049 | Vault:4  | Bought a potion of blood for 15 gold pieces
 56049 | Vault:4  | Bought a potion of heal wounds for 45 gold pieces
 56049 | Vault:4  | Bought a potion of healing for 30 gold pieces
 56188 | Vault:4  | Reached XP level 22. HP: 191/191 MP: 18/18
 56488 | Vault:4  | Received a gift from Trog
 56489 | Vault:4  | Got a brightly glowing battleaxe {god gift}
 56494 | Vault:4  | Identified the battleaxe "Brismoesm" {god gift, freeze, rF+ rN+ Dex-1} (Trog gifted it to you on level 4 of the Vaults)
 56575 | Blade    | Entered the Hall of Blades
 60233 | Vault:5  | You are cast into the Abyss!
 60233 | Vault:5  | Cast into the Abyss (a Zot trap)
 60233 | Abyss    | Entered The Abyss
 60282 | Abyss    | Noticed a flayed ghost
 60289 | Abyss    | Defeated a flayed ghost
 60331 | Abyss    | Noticed a silent spectre
 60350 | Abyss    | Defeated a silent spectre
 60386 | Abyss    | Noticed a red draconian
 60398 | Abyss    | Defeated a red draconian
 60504 | Abyss    | Reached skill level 27 in Axes
 60542 | Abyss    | Noticed an Angel
 60678 | Abyss    | Gained mutation: Your magical capacity is low (-10% MP).
 60679 | Abyss    | Noticed an ice beast
 60687 | Abyss    | Gained mutation: Your body is slowly deteriorating.
 60691 | Abyss    | Defeated an ice beast
 60746 | Abyss    | Noticed a vampire
 60774 | Abyss    | Defeated a vampire
 60794 | Abyss    | Noticed a jelly
 60842 | Abyss    | Noticed a silent spectre
 60856 | Abyss    | Defeated a silent spectre
 60904 | Vault:5  | You pass through the gate.
 61715 | Vault:6  | Received a gift from Trog
 61919 | Vault:6  | Found a white marble altar of Elyvilon.
 62604 | Vault:5  | Reached XP level 23. HP: 173/201 MP: 17/17
 62812 | Vault:5  | Reached skill level 10 in Shields
 64018 | Vault:8  | Entered Level 8 of the Vaults
 64183 | Vault:7  | Received a gift from Trog
 66820 | Vault:8  | Got a shimmering broad axe
 66821 | Vault:8  | Identified the cursed broad axe of the King {venom, rF+ Curse} (You found it on level 8 of the Vaults)
 67638 | Vault:6  | Reached XP level 24. HP: 207/207 MP: 17/17
 68902 | Vault:8  | Reached XP level 23. HP: 300/300 MP: 16/16
 68912 | Vault:8  | Noticed an ancient lich
 68913 | Vault:8  | Reached XP level 24. HP: 207/207 MP: 17/17
 69319 | Vault:8  | Defeated an ancient lich
 70781 | Vault:8  | Found Gilepur's Weapon Shop.
 71857 | Vault:8  | Gained mutation: Your body is deteriorating.
 71885 | Vault:8  | Noticed a deep elf demonologist
 71896 | Vault:8  | Defeated a deep elf demonologist
 72179 | Vault:8  | Identified a +1 pair of boots of running (You found it on level 8 of the Vaults)
 72212 | Vault:8  | Received a gift from Trog
 72215 | Vault:8  | Got a brightly glowing war axe {god gift}
 72216 | Vault:8  | Identified the war axe of Yckaocil {god gift, flame, rElec SInv} (Trog gifted it to you on level 8 of the Vaults)
 72412 | Vault:8  | Got an ancient broad axe
 72413 | Vault:8  | Identified the cursed broad axe of the Sun {venom, rElec rPois rF+} (You found it on level 8 of the Vaults)
 72418 | Vault:8  | Got a silver rune of Zot
 74023 | Vault:8  | Reached XP level 25. HP: 153/219 MP: 18/18
 74283 | Vault:8  | Reached XP level 24. HP: 207/211 MP: 17/17
 74285 | Vault:8  | Reached XP level 25. HP: 215/219 MP: 18/18
 74286 | Vault:8  | Reached XP level 24. HP: 211/211 MP: 17/17
 74287 | Vault:8  | Reached XP level 25. HP: 219/219 MP: 18/18
 74357 | Vault:8  | Noticed a shining eye
 74359 | Vault:8  | A shining eye changed into a boulder beetle
 74368 | Vault:8  | Noticed an iron dragon
 74369 | Vault:8  | Noticed a deep elf annihilator
 74384 | Vault:8  | Defeated an iron dragon
 74398 | Vault:8  | Defeated a deep elf annihilator
 76049 | D:20     | Noticed Aizul
 76062 | D:20     | Defeated Aizul
 76395 | D:21     | Found a gateway to a ziggurat.
 76550 | D:21     | Found a gateway to Hell.
 77619 | D:21     | Received a gift from Trog
 78634 | D:22     | Noticed a deep elf summoner
 78638 | D:22     | Defeated a deep elf summoner
 78990 | D:22     | Found a one-way gate to the infinite horrors of the Abyss.
 80438 | D:23     | Received a gift from Trog
 81360 | D:23     | Reached XP level 26. HP: 188/230 MP: 18/18
 81361 | D:23     | A human changed into a pulsating lump
 81362 | D:23     | Defeated a pulsating lump
 81872 | D:23     | Noticed a deep elf annihilator
 81905 | D:23     | Defeated a deep elf annihilator
 81922 | D:23     | Received a gift from Trog
 81942 | D:23     | Got a pair of heavily runed boots
 81946 | D:23     | Identified the -5 pair of boots "Photimp" (You found it on level 23 of the Dungeon)
 82214 | D:24     | Reached skill level 10 in Dodging
 84872 | D:24     | Received a gift from Trog
 85437 | D:25     | Entered Level 25 of the Dungeon
 86457 | D:25     | Noticed a deep elf priest
 86461 | D:25     | Defeated a deep elf priest
 86827 | D:25     | Reached skill level 5 in Traps & Doors
 87025 | D:25     | Received a gift from Trog
 87738 | D:26     | Reached XP level 27. HP: 162/242 MP: 18/18
 89929 | D:26     | Found a gateway to a bazaar. 89937
                  | bazaar
                  | Entered a bazaar 89942
                  | bazaar
                  | Found Jisih's Assorted Antiques. 89944
                  | bazaar
                  | Found Putes' Weapon Shop. 89950
                  | bazaar
                  | Bought a scroll of enchant weapon II for 159 gold pieces 89950
                  | bazaar
                  | Bought a potion of healing for 58 gold pieces 89950
                  | bazaar
                  | Bought a potion of heal wounds for 87 gold pieces 89982
                  | bazaar
                  | Found Kluranoqech's Distillery. 89989
                  | bazaar
                  | Bought a potion of healing for 26 gold pieces 89989
                  | bazaar
                  | Bought a potion of healing for 26 gold pieces 89989
                  | bazaar
                  | Bought a potion of heal wounds for 39 gold pieces 89989
                  | bazaar
                  | Bought a potion of heal wounds for 39 gold pieces 89989
                  | bazaar
                  | Bought a potion of healing for 26 gold pieces 89989
                  | bazaar
                  | Bought a potion of heal wounds for 39 gold pieces 89989
                  | bazaar
                  | Bought 2 potions of might for 65 gold pieces 89990
                  | bazaar
                  | Found Qonink's Book Boutique.
 90067 | D:26     | Got a smoking chain mail
 90086 | D:26     | Identified the +0 chain mail "Pluada" (You found it on level 26 of the Dungeon)
 90948 | D:27     | Entered Level 27 of the Dungeon
 91303 | D:27     | Found a corrupted altar of Lugonu.
 91327 | D:27     | Gained mutation: Your vision is a little blurry.
 91849 | D:27     | Gained mutation: Your magical capacity is very low (-20% MP).
 92048 | D:27     | Reached skill level 15 in Shields
 92078 | D:27     | Received a gift from Trog
 92302 | D:27     | A sea snake changed into a shining eye
 92306 | D:27     | Gained mutation: Armour fits poorly on your unusually shaped body.
 92307 | D:27     | A shining eye changed into a merfolk
 93076 | Elf:1    | Entered Level 1 of the Elven Halls
 93436 | Elf:1    | Noticed Psyche
 93440 | Elf:1    | Defeated Psyche
 93548 | Elf:1    | Got a fine war axe
 93549 | Elf:1    | Identified the cursed war axe "Kireulah" {chop, Stlth++} (You found it on level 1 of the Elven Halls)
 93568 | Elf:1    | Got a smoking chain mail
 93587 | Elf:1    | Identified the cursed +0 chain mail of the Eternal Fruit (You found it on level 1 of the Elven Halls)
 93661 | Elf:1    | Found Prasm's Magic Scroll Boutique.
 93666 | Elf:1    | Bought a scroll of recharging for 75 gold pieces
 94303 | Elf:2    | Received a gift from Trog
 94687 | Elf:3    | Noticed Azrael
 94694 | Elf:3    | Defeated Azrael
 95099 | Elf:3    | Noticed Snorg
 95108 | Elf:3    | Defeated Snorg
 95195 | Elf:3    | Found Fraatimu's Assorted Antiques.
 95209 | Elf:3    | Bought a scroll of identify for 70 gold pieces
 95209 | Elf:3    | Bought a scroll of identify for 70 gold pieces
 95218 | Elf:3    | Noticed Louise
 95231 | Elf:3    | Defeated Louise
 96064 | Elf:4    | Lost mutation: Your magical capacity is very low (-20% MP).
 96064 | Elf:4    | Lost mutation: Your magical capacity is low (-10% MP).
 96064 | Elf:4    | Lost mutation: Your vision is a little blurry.
 96064 | Elf:4    | Lost mutation: Armour fits poorly on your unusually shaped body.
 96064 | Elf:4    | Lost mutation: Your body is deteriorating.
 96142 | Elf:4    | Found an ancient bone altar of Kikubaaqudgha.
 96302 | Elf:4    | Reached XP level 26. HP: 234/234 MP: 19/20
 96304 | Elf:4    | Reached XP level 27. HP: 225/242 MP: 20/20
 96314 | Elf:4    | Received a gift from Trog
 96317 | Elf:4    | Reached XP level 26. HP: 219/234 MP: 19/20
 96324 | Elf:4    | Reached XP level 27. HP: 223/242 MP: 20/20
 96605 | Elf:5    | Noticed Donald
 96609 | Elf:5    | Defeated Donald
 96976 | Elf:5    | Noticed Nergalle
 96978 | Elf:5    | Defeated Nergalle
 98217 | Orc:2    | Received a gift from Trog
 98553 | Crypt:1  | Entered Level 1 of the Crypt
 99811 | Crypt:2  | Found a staircase to the Tomb.
102021 | Crypt:5  | Entered Level 5 of the Crypt
103641 | Crypt:5  | Noticed a lich
103648 | Crypt:5  | Defeated a lich
103685 | Crypt:5  | Noticed a lich
103688 | Crypt:5  | Defeated a lich
103897 | Crypt:5  | Noticed an ancient lich
103909 | Crypt:5  | Defeated an ancient lich
103982 | Crypt:5  | Found a basalt altar of Yredelemnul.
104019 | Crypt:5  | Defeated a shop mimic
104858 | Elf:7    | Entered Level 7 of the Elven Halls
104966 | Elf:7    | Found Pnyamohu's Distillery.
104990 | Elf:7    | Bought a potion of heal wounds for 54 gold pieces
104990 | Elf:7    | Bought a potion of healing for 36 gold pieces
104990 | Elf:7    | Bought a potion of healing for 36 gold pieces
104990 | Elf:7    | Bought a potion of healing for 36 gold pieces
104990 | Elf:7    | Bought a potion of might for 45 gold pieces
105036 | Elf:7    | Noticed an orc priest
105041 | Elf:7    | Defeated an orc priest
105045 | Elf:7    | Received a gift from Trog
105399 | Elf:7    | Found a glowing silver altar of Zin.
105878 | Elf:7    | Noticed a deep elf blademaster
105887 | Elf:7    | Defeated a deep elf blademaster
105896 | Elf:7    | Noticed a deep elf master archer
105917 | Elf:7    | Defeated a deep elf master archer
105988 | Elf:7    | Got a heavily runed ice dragon armour
106010 | Elf:7    | Identified the cursed -3 ice dragon armour "Thohawk" (You found it on level 7 of the Elven Halls)
106051 | Elf:7    | Got an encrusted hand axe
106349 | Elf:7    | Noticed a deep elf blademaster
106360 | Elf:7    | Defeated a deep elf blademaster
106365 | Elf:7    | Noticed a deep elf master archer
106392 | Elf:7    | Defeated a deep elf master archer
106771 | Elf:7    | Received a gift from Trog
107819 | Zot:1    | Entered Level 1 of the Realm of Zot
108421 | Zot:1    | Noticed an orb of fire
108422 | Zot:1    | Gained mutation: Your body is deteriorating.
111302 | Zot:3    | Received a gift from Trog
112446 | Zot:5    | Entered Level 5 of the Realm of Zot
112635 | Zot:5    | Reached skill level 1 in Stabbing
114332 | Zot:5    | Received a gift from Trog
114703 | Zot:5    | Noticed an ancient lich
114709 | Zot:5    | Defeated an ancient lich
115530 | Zot:5    | Noticed an orb of fire
115535 | Zot:5    | Gained mutation: Armour fits poorly on your unusually shaped body.
115540 | Zot:5    | Noticed an ancient lich
115544 | Zot:5    | Defeated an orb of fire
115599 | Zot:5    | Defeated an ancient lich
117701 | Zot:5    | Noticed an ancient lich
117711 | Zot:5    | Defeated an ancient lich
118481 | Zot:5    | Got the Orb of Zot
118503 | Zot:5    | Noticed an ancient lich
118503 | Zot:5    | Noticed an orb of fire
118504 | Zot:5    | Noticed Plymu the pandemonium lord
118505 | Zot:5    | Noticed an orb of fire
118505 | Zot:5    | Noticed an orb of fire
118505 | Zot:5    | Gained mutation: Space occasionally distorts in your vicinity.
118507 | Zot:5    | Noticed an ancient lich
118507 | Zot:5    | Noticed an orb of fire
118573 | Zot:5    | Noticed Qamneepo the pandemonium lord
118666 | Zot:5    | Noticed an ancient lich
119162 | D:21     | Noticed Klautsor the pandemonium lord
119177 | D:21     | Defeated Klautsor the pandemonium lord
119962 | D:$      | Escaped with the Orb!
